 Dungeon Crawl Stone Soup version 0.29.0-4-gdea44cf6ec (webtiles) character file.

Game seed: 17583185545297560645

1 RascalDebosk the Ogre Mage (level 1, -3/16 HPs)
             Began as an Ogre Hedge Wizard on Aug 27, 2022.
             Slain by a kobold
             ... wielding a +0 club
              (4 damage)
             ... on level 1 of the Dungeon.
             The game lasted 00:03:40 (50 turns).

RascalDebosk the Ogre Mage (Ogre Hedge Wizard)        Turns: 50, Time: 00:03:41

Health: -3/16      AC:  3    Str: 13    XL:     1   Next: 20%
Magic:  1/5        EV:  9    Int: 15    God:
Gold:   5          SH:  0    Dex:  8    Spells: 6/7 levels left

rFire   . . .      SeeInvis .   a - +0 dagger
rCold   . . .      Faith    .   (no shield)
rNeg    . . .      Spirit   .   b - +0 robe
rPois   .          Reflect  .   c - +0 hat
rElec   .          Harm     .   (no cloak)
rCorr   .          Rampage  .   (gloves unavailable)
Will    .....                   (boots unavailable)
Stlth   +.........              (no amulet)
HPRegen 0.05/turn               (no ring)
MPRegen 0.09/turn               (no ring)

@: no status effects
A: large, unfitting armour, tough skin 1
a: no special abilities


You were on level 1 of the Dungeon.
You visited 1 branch of the dungeon, and saw 1 of its levels.

You collected 5 gold pieces.

Inventory:

Hand Weapons
 a - a +0 dagger (weapon)
Armour
 b - a +0 robe (worn)
 c - a +0 hat (worn)
Magical Staves
 f - a staff of poison
Potions
 d - a potion of magic
 e - a potion of heal wounds {unknown}


   Skills:
 + Level 0.0 Fighting
 + Level 1.8 Dodging
 - Level 1.4 Stealth
 + Level 0.0 Shields
 + Level 3.6 Spellcasting
 + Level 0.8 Conjurations
 + Level 0.8 Summonings
 + Level 0.9 Translocations


You had 6 spell levels left.
You knew the following spells:

 Your Spells              Type           Power      Damage    Failure   Level
a - Magic Dart            Conj           20%        1d4       13%         1

Your spell library contained the following spells:

 Spells                   Type           Power      Damage    Failure   Level
 Slow                     Hex            8%         N/A       19%         1
 Blink                    Tloc           10%        N/A       19%         2
 Call Imp                 Summ           5%         N/A       21%         2
 Conjure Flame            Conj/Fire      4%         6-21      43%         3
 Mephitic Cloud           Conj/Pois/Air  3%         N/A       45%         3


Dungeon Overview and Level Annotations

Branches:
Dungeon (1/15)

Altars:


Innate Abilities, Weirdness & Mutations

You are too large for most types of armour.
You have tough skin. (AC +1)


Message History

You barely miss the kobold.
The kobold is severely wounded.
The kobold hits you with a +0 short sword.
The kobold throws a stone.
The stone closely misses you.
You hit the kobold but do no damage.
The kobold is severely wounded.
The kobold hits you but does no damage.
The kobold throws a stone.
The stone hits you but does no damage.
You barely miss the kobold.
The kobold is severely wounded.
You hit the kobold.
You kill the kobold!
The dart slug closely misses you. The kobold hits you but does no damage.
You hit the dart slug.
The dart slug is lightly wounded.
The kobold barely misses you.
You hit the dart slug but do no damage.
The dart slug is lightly wounded.
The dart slug bites you. The kobold barely misses you.
You hit the dart slug but do no damage.
The dart slug is lightly wounded.
The dart slug launches a dart at you. The slug dart misses you.
The kobold hits you with a +0 club.
You hit the dart slug but do no damage.
The dart slug is lightly wounded.
The kobold hits you but does no damage.
You hit the dart slug.
The dart slug is moderately wounded.
The dart slug bites you. The kobold hits you with a +0 club.
* * * LOW HITPOINT WARNING * * *
Your magical contamination has completely faded away.
You hit the dart slug.
The dart slug is moderately wounded.
The dart slug briefly extends its eye-stalks.
The dart slug launches a dart at you. The slug dart misses you.
The kobold barely misses you.
You hit the dart slug.
The dart slug is heavily wounded.
The kobold hits you with a +0 club.
You die...

#... _... ..... ##
$.... ## ##.
...... ### #.
†.###...... ...
#.####.)K......
#.##.##...@w.#
#.#.)...>....###
#.##....#..#.# #.
#.#..#..#.##
#.##....)......
#.#...#.#....##
.####.#>.....>#.##
......#..♣♣♣..#...
##.♣♣♣♣♣♣♣.##.#


You could see a dart slug and a kobold.

Vanquished Creatures
  A kobold (D:1)
  A rat (D:1)
2 creatures vanquished.

Notes
Turn   | Place    | Note
-------+----------+-------------------------------------------
     0 | D:1      | RascalDebosk the Ogre Hedge Wizard began the quest for the
                  | Orb.
     0 | D:1      | Reached XP level 1. HP: 16/16 MP: 5/5
    31 | D:1      | Found a faded altar of an unknown god.
    50 | D:1      | Slain by a kobold

Illustrated notes

Levels and vault maps discovered:
D:1:      heliophobic_arrival_henge, layout_basic, serial_shops, shop_statue,
          basic_ecumenical_altar

Action                   || total
-------------------------++-------
Melee: Dagger            ||    13
 Cast: Magic Dart        ||     3
Armor: Robe              ||     6
Dodge: Dodged            ||     9
